[Event "Titled Tuesday Blitz January 18 2022"]
[White "Evdokimov, Alexander A."]
[Black "Vokhidov, Shamsiddin"]
[WhiteFideId "4139275"]
[BlackFideId "14204223"]
[WhiteElo "2444"]
[BlackElo "2611"]
[Result "1-0"]
[Round "11"]
[TimeControl "180+1"]
[Date "2022.01.18"]
[WhiteClock "0:00:12"]
[BlackClock "0:00:03"]

1. Nf3 d5 2. g3 Nd7 3. Bg2 e5 4. O-O Ngf6 5. d3 c6 6. e4 dxe4 7. dxe4 Bc5 8. Nbd2 O-O 9. Qe2 a5 10. Rd1 Qe7 11. Nc4 b5 12. Ne3 g6 13. Nf1 Ba6 14. Bg5 b4 15. Qe1 Qe6 16. h3 Rfe8 17. N1h2 Nh5 18. Be3 Nhf6 19. Ng5 Qe7 20. h4 Rad8 21. Bh3 Bxe3 22. Qxe3 Nc5 23. Ng4 Nxg4 24. Bxg4 h6 25. Nf3 Kg7 26. a3 Bb5 27. axb4 axb4 28. h5 Na4 29. Rdb1 Qc5 30. Qxc5 Nxc5 31. Re1 Re7 32. b3 Kf6 33. Ra5 Na6 34. Rea1 Nc5 35. Re1 Nb7 36. Ra7 Rde8 37. Kg2 Nd6 38. Rxe7 Rxe7 39. Nd2 Ra7 40. Kf3 Ra2 41. Rc1 c5 42. Ke3 c4 43. f4 exf4+ 44. gxf4 Ke7 45. e5 Nb7 46. bxc4 Bc6 47. Nb3 Ra3 48. Kd4 Ba4 49. Rb1 Nd8 50. Bf3 Ra2 51. Be4 Ne6+ 52. Ke3 Ra3 53. Bd3 g5 54. f5 Nf4 55. c5 Nd5+ 56. Kd4 Nc3 57. f6+ Ke8 58. Re1 Bd7 59. Bc4 Ra2 60. Rc1 Ra8 61. Re1 Rd8 62. Ke3 Rc8 63. Kd4 Rd8 64. Ke3 Bf5 65. Rc1 Bg4 66. Nd4 Rc8 67. Bb5+ Nxb5 68. Nxb5 Rxc5 69. Nd6+ Kd7 70. Kd4 Kc6 71. Nxf7 Rd5+ 72. Kc4 Be6 73. Nxh6 Rxe5+ 74. Kxb4 Re4+ 75. c4 Rh4 76. f7 Rf4 77. Ra1 Bxf7 78. Nxf7 Rxf7 79. Ra6+ Kb7 80. Rg6 Rf1 81. Rxg5 Rh1 82. Kc5 1-0


[Site "https://www.chess.com"]

[Event "Titled Tuesday Blitz January 18 2022"]
[White "Furtak, Joanna"]
[Black "Gabdushev, Ruslan"]
[WhiteFideId "21804842"]
[BlackFideId "4137833"]
[WhiteElo "1729"]
[BlackElo "2312"]
[Result "0-1"]
[Round "11"]
[TimeControl "180+1"]
[Date "2022.01.18"]
[WhiteClock "0:00:06"]
[BlackClock "0:00:13"]

1. e4 Nc6 2. Nc3 e6 3. d4 Bb4 4. Ne2 d6 5. a3 Ba5 6. g3 Nge7 7. Bg2 O-O 8. O-O f5 9. Be3 Bb6 10. exf5 Nxf5 11. Na4 Nxe3 12. fxe3 Rxf1+ 13. Qxf1 Bd7 14. Nxb6 axb6 15. Nf4 Qg5 16. Qc4 Re8 17. Rf1 h5 18. d5 Ne5 19. Qb3 exd5 20. Bxd5+ Kh7 21. Be6 Bc6 22. Bd5 h4 23. Bxc6 bxc6 24. Ne6 Rxe6 25. Qxe6 Qxe3+ 26. Kh1 Qe4+ 27. Kg1 Nf3+ 28. Rxf3 Qxe6 29. Kg2 h3+ 30. Kf2 Qe4 31. c3 Qc2+ 32. Ke3 Qxh2 33. Rf4 Qxg3+ 34. Ke4 h2 35. Rf5 h1=Q+ 36. Kd4 Qd5+ 0-1


[Site "https://www.chess.com"]

[Event "Titled Tuesday Blitz January 18 2022"]
[White "Gheorghiu, Calin"]
[Black "Gelman, Alexander"]
[WhiteFideId "1200305"]
[BlackFideId "4118316"]
[WhiteElo "2168"]
[BlackElo "2375"]
[Result "1-0"]
[Round "11"]
[TimeControl "180+1"]
[Date "2022.01.18"]
[WhiteClock "0:01:35"]
[BlackClock "0:01:08"]

1. d4 Nf6 2. Bf4 c5 3. c3 b6 4. Nd2 Bb7 5. e3 d6 6. h3 Nbd7 7. Ngf3 a6 8. Be2 h6 9. O-O g5 10. Bg3 Rg8 11. Nh2 h5 12. Bxh5 Nxh5 13. Qxh5 Nf6 14. Qe2 Qd7 15. e4 g4 16. hxg4 Nxg4 17. Nxg4 Rxg4 18. Nc4 Rxe4 19. Qh5 Qc6 20. d5 Qc7 21. b3 b5 22. Ne3 Bg7 23. Rac1 O-O-O 24. Qf5+ 1-0


[Site "https://www.chess.com"]

[Event "Titled Tuesday Blitz January 18 2022"]
[White "Golizadeh, Asghar"]
[Black "Girya, Olga"]
[WhiteFideId "12505269"]
[BlackFideId "4195752"]
[WhiteElo "2403"]
[BlackElo "2275"]
[Result "0-1"]
[Round "11"]
[TimeControl "180+1"]
[Date "2022.01.18"]
[WhiteClock "0:00:09"]
[BlackClock "0:00:10"]

1. e4 c6 2. Nc3 d5 3. Nf3 Bg4 4. h3 Bxf3 5. Qxf3 e6 6. d3 Nf6 7. g3 Bb4 8. a3 Bxc3+ 9. bxc3 Qa5 10. Bd2 dxe4 11. dxe4 Nbd7 12. Qe2 Nb6 13. Bg2 Qb5 14. Qxb5 cxb5 15. Rb1 a6 16. O-O Rc8 17. g4 O-O 18. g5 Nfd7 19. f4 Nc4 20. Bc1 Nc5 21. f5 Na4 22. Rf3 Ne5 23. Rg3 Nxc3 24. Rxc3 Rxc3 25. Bb2 Rc5 26. Rd1 Nc4 27. Bd4 Rcc8 28. c3 e5 29. Bf2 Rfd8 30. Rf1 Rd3 31. f6 Rcd8 32. fxg7 Rd1 33. Bh4 Rxf1+ 34. Bxf1 Rd1 35. Kf2 Nxa3 36. Be2 Rd2 37. Ke3 Rc2 38. Bg4 Kxg7 39. Bf5 Rxc3+ 40. Kd2 Rxh3 41. Bf2 Rh2 42. Ke1 Rxf2 43. Kxf2 Nc4 44. Bc8 Nd6 45. Bd7 Nxe4+ 46. Ke3 Nxg5 47. Bc8 h5 48. Bxb7 f5 49. Bxa6 b4 50. Be2 f4+ 51. Kd3 f3 52. Kc4 fxe2 53. Kd5 e1=Q 54. Kd6 Qd2+ 55. Ke7 Qd5 56. Ke8 Qf7+ 57. Kd8 Ne6+ 58. Kc8 Qc7# 0-1


[Site "https://www.chess.com"]

[Event "Titled Tuesday Blitz January 18 2022"]
[White "Gontcharov, Vladislav"]
[Black "Shkapenko, Pavel"]
[WhiteFideId "4123492"]
[BlackFideId "4151933"]
[WhiteElo "2503"]
[BlackElo "2386"]
[Result "1-0"]
[Round "11"]
[TimeControl "180+1"]
[Date "2022.01.18"]
[WhiteClock "0:01:28"]
[BlackClock "0:02:05"]

1. e4 e5 2. Nf3 Nc6 3. Bb5 Bc5 4. O-O d6 5. c3 Bd7 6. d4 Bb6 7. Re1 Nge7 8. Na3 O-O 9. Nc4 exd4 10. Nxb6 axb6 11. cxd4 d5 12. Bxc6 bxc6 13. exd5 Nxd5 14. Ne5 f6 15. Nc4 Be8 16. Qf3 Bf7 17. b3 Qd7 18. Bb2 Rfe8 19. a3 Rxe1+ 20. Rxe1 Re8 21. Ne3 Nxe3 22. Rxe3 Bxb3 23. Rxe8+ Qxe8 24. Qxb3+ Qf7 25. Qxf7+ Kxf7 26. f3 Ke6 27. Kf2 Kd5 28. Ke3 Kc4 29. Kd2 Kb3 30. Bc1 Kc4 31. Ke3 Kc3 32. Bd2+ Kc4 33. Bb4 1-0


[Site "https://www.chess.com"]

[Event "Titled Tuesday Blitz January 18 2022"]
[White "Goryachkina, Aleksandra"]
[Black "Kashefi, Amir Hosein"]
[WhiteFideId "4147103"]
[BlackFideId "12557935"]
[WhiteElo "2426"]
[BlackElo "2098"]
[Result "1-0"]
[Round "11"]
[TimeControl "180+1"]
[Date "2022.01.18"]
[WhiteClock "0:00:51"]
[BlackClock "0:00:02"]

1. e4 c6 2. d4 d5 3. e5 Bf5 4. Nd2 e6 5. Nb3 Nd7 6. Nf3 Ne7 7. Be2 Bg6 8. O-O Nf5 9. Bd2 Be7 10. a4 a6 11. a5 c5 12. c4 dxc4 13. Bxc4 Nxd4 14. Nbxd4 cxd4 15. Bf4 O-O 16. Qxd4 Nc5 17. Rfd1 Qxd4 18. Nxd4 Rfd8 19. Be3 Rac8 20. Rac1 Nd7 21. f4 Bb4 22. Nb3 Nb8 23. Rxd8+ Rxd8 24. Be2 h6 25. Bb6 Re8 26. Bf3 Nd7 27. Bxb7 Nxb6 28. axb6 Rb8 29. Rc8+ 1-0


[Site "https://www.chess.com"]

[Event "Titled Tuesday Blitz January 18 2022"]
[White "Gracia Alvarez, Gerardo Antonio"]
[Black "Prohorov, Olexandr"]
[WhiteFideId "5109124"]
[BlackFideId "14105578"]
[WhiteElo "2139"]
[BlackElo "1993"]
[Result "1-0"]
[Round "11"]
[TimeControl "180+1"]
[Date "2022.01.18"]
[WhiteClock "0:00:03"]
[BlackClock "0:00:02"]

1. e4 c5 2. Be2 Nc6 3. d3 g6 4. f4 Bg7 5. Nf3 d6 6. O-O Nf6 7. Qe1 Nd4 8. Nxd4 cxd4 9. Nd2 Qc7 10. Bd1 Bg4 11. Nf3 Bxf3 12. Rxf3 Rc8 13. Bd2 Qb6 14. Rb1 Ng4 15. Kh1 h5 16. h3 Nf6 17. e5 Nd5 18. Qe4 e6 19. exd6 Qxd6 20. c3 dxc3 21. bxc3 O-O 22. c4 Nc3 23. Bxc3 Bxc3 24. Rxb7 Rb8 25. Bb3 f5 26. Qe2 Rxb7 27. c5 Qe7 28. Rg3 Kh7 29. Rg5 Rf6 30. Qf3 Rc7 31. g4 fxg4 32. hxg4 Rxc5 33. Rxc5 Qxc5 34. Qb7+ Kh6 35. g5+ Qxg5 36. fxg5+ Kxg5 37. Qc6 Be5 38. Qe4 Bf4 39. Bxe6 Bd6 40. d4 1-0


[Site "https://www.chess.com"]

[Event "Titled Tuesday Blitz January 18 2022"]
[White "Guseva, Marina"]
[Black "Kekic, Armin"]
[WhiteFideId "4149351"]
[BlackFideId "14401274"]
[WhiteElo "2232"]
[BlackElo "2156"]
[Result "1-0"]
[Round "11"]
[TimeControl "180+1"]
[Date "2022.01.18"]
[WhiteClock "0:00:14"]
[BlackClock "0:00:08"]

1. d4 d6 2. Nf3 Nc6 3. c4 e5 4. Nc3 exd4 5. Nxd4 Nf6 6. e4 Be7 7. Be2 O-O 8. O-O Re8 9. f3 h6 10. Be3 Bf8 11. Qd2 Bd7 12. Rfe1 a5 13. Rad1 a4 14. Bf1 Nxd4 15. Bxd4 Bc6 16. Nd5 Nxd5 17. cxd5 Bd7 18. Rc1 c5 19. dxc6 bxc6 20. Red1 Qb8 21. Bc4 Be6 22. Bxe6 Rxe6 23. Rxc6 a3 24. b3 Qb5 25. Qc2 Qh5 26. Bf2 Ra5 27. b4 Rg5 28. Bg3 d5 29. Rc8 f6 30. Qc5 Re8 31. Qc6 Rxc8 32. Qxc8 Qf7 33. Bd6 h5 34. Bxf8 Qxf8 35. Qxf8+ Kxf8 36. Rxd5 Rxd5 37. exd5 Ke7 38. Kf2 Kd6 39. Ke3 Kxd5 40. Kd3 h4 41. h3 g5 42. Kc3 f5 43. Kb3 Kd4 44. b5 Ke3 45. b6 Kf2 46. b7 Kxg2 47. b8=Q Kxh3 48. Qe5 f4 49. Qxg5 1-0


[Site "https://www.chess.com"]

[Event "Titled Tuesday Blitz January 18 2022"]
[White "Hasangatin, Ramil"]
[Black "Villalba, Marcelo"]
[WhiteFideId "4122160"]
[BlackFideId "3701859"]
[WhiteElo "2375"]
[BlackElo "2169"]
[Result "1/2-1/2"]
[Round "11"]
[TimeControl "180+1"]
[Date "2022.01.18"]
[WhiteClock "0:00:40"]
[BlackClock "0:00:03"]

1. e4 e5 2. Nf3 Nc6 3. Bb5 a6 4. Ba4 Nf6 5. Bxc6 dxc6 6. d3 Bd6 7. Bg5 O-O 8. Nbd2 Qe7 9. Qe2 Qe6 10. Nc4 Nd7 11. O-O f6 12. Be3 Bc5 13. Nfd2 Qe7 14. Kh1 b6 15. a4 a5 16. f4 Bxe3 17. Nxe3 exf4 18. Rxf4 Ne5 19. Rf2 Be6 20. b3 Rad8 21. Raf1 c5 22. Nf3 Ng4 23. Nxg4 Bxg4 24. Qe3 Bxf3 25. gxf3 f5 26. Rg1 Rf7 27. Rfg2 Rd6 28. Qg5 Qxg5 29. Rxg5 fxe4 30. fxe4 Rdf6 31. h3 Rf2 32. R1g2 Rxg2 33. Kxg2 Rf6 34. Rd5 Rd6 35. Rf5 g6 36. Rf2 Kg7 37. Kg3 Rf6 38. Re2 Rf1 39. Kg2 Rf4 40. Rf2 Rxf2+ 41. Kxf2 Kf6 42. Kg3 g5 43. h4 Kg6 44. hxg5 Kxg5 45. Kh3 Kh5 46. Kg3 Kg5 47. Kf3 c6 48. Kg3 Kh5 49. Kf4 Kg6 50. Kg4 b5 51. Kf4 Kf6 52. Kg4 Kg6 53. Kh4 Kh6 54. Kg4 Kg6 1/2-1/2


[Site "https://www.chess.com"]

[Event "Titled Tuesday Blitz January 18 2022"]
[White "Hirneise, Jens"]
[Black "Manukian, Artak"]
[WhiteFideId "24614734"]
[BlackFideId "13301373"]
[WhiteElo "2323"]
[BlackElo "2407"]
[Result "0-1"]
[Round "11"]
[TimeControl "180+1"]
[Date "2022.01.18"]
[WhiteClock "0:00:02"]
[BlackClock "0:00:16"]

1. d4 Nf6 2. c4 e6 3. Nf3 d5 4. g3 c5 5. cxd5 exd5 6. Bg2 Nc6 7. O-O c4 8. Ne5 Bf5 9. Nxc6 bxc6 10. Nc3 Bb4 11. Na4 O-O 12. b3 cxb3 13. Qxb3 Rb8 14. Bf4 Bd6 15. Qc3 Bxf4 16. gxf4 Be4 17. Nc5 Bxg2 18. Kxg2 Re8 19. e3 Qc8 20. h3 Qf5 21. Qd3 Ne4 22. Nxe4 dxe4 23. Qe2 Re6 24. Rh1 Rg6+ 25. Kf1 c5 26. dxc5 Qxc5 27. Rg1 f5 28. Rd1 Qc6 29. Rg2 Rd6 30. Rxd6 Qxd6 31. Kg1 Rc8 32. Kh2 h6 33. Qh5 Rf8 34. Qg6 Qxg6 35. Rxg6 Rf6 36. Rxf6 gxf6 37. Kg3 Kg7 38. Kh4 Kg6 39. Kg3 Kh5 40. Kg2 Kh4 41. Kh2 Kh5 42. Kg3 Kg6 43. Kh4 a6 44. a3 a5 45. a4 h5 46. Kg3 Kh6 47. h4 Kg6 48. f3 exf3 49. Kxf3 Kf7 0-1


[Site "https://www.chess.com"]

[Event "Titled Tuesday Blitz January 18 2022"]
[White "Hjartarson, Johann"]
[Black "Pakleza, Zbigniew"]
[WhiteFideId "2300044"]
[BlackFideId "1119290"]
[WhiteElo "2484"]
[BlackElo "2467"]
[Result "0-1"]
[Round "11"]
[TimeControl "180+1"]
[Date "2022.01.18"]
[WhiteClock "0:00:01"]
[BlackClock "0:00:03"]

1. Nf3 d5 2. g3 Nf6 3. Bg2 Bf5 4. O-O e6 5. b3 Be7 6. Bb2 O-O 7. c4 c6 8. d3 h6 9. Nbd2 a5 10. a3 Nbd7 11. Qc2 Bh7 12. Rfe1 Qb6 13. Bc3 Bc5 14. e3 Rfd8 15. h3 Be7 16. e4 Nc5 17. Bd4 dxe4 18. dxe4 Qc7 19. Re3 Nfd7 20. Qb2 Bf6 21. Bxf6 Nxf6 22. e5 Nfd7 23. Qc3 Qb6 24. Bf1 Nf8 25. Rae1 Rd7 26. b4 axb4 27. axb4 Na6 28. b5 Nc5 29. bxc6 bxc6 30. Nb3 Ra3 31. Nfd4 Nxb3 32. Nxb3 Rb7 33. c5 Qa7 34. Qc4 Nd7 35. Nd4 Ra4 36. Qc3 Rc7 37. Rc1 Bg6 38. h4 Qb8 39. Be2 Rb7 40. h5 Bh7 41. Bg4 Nxe5 42. Nxe6 f6 0-1


[Site "https://www.chess.com"]

[Event "Titled Tuesday Blitz January 18 2022"]
[White "Hoffmann, Asa"]
[Black "Nguyen Hong Nhung"]
[WhiteFideId "2001470"]
[BlackFideId "12412201"]
[WhiteElo "2117"]
[BlackElo "1661"]
[Result "1-0"]
[Round "11"]
[TimeControl "180+1"]
[Date "2022.01.18"]
[WhiteClock "0:00:17"]
[BlackClock "0:00:01"]

1. d4 Nf6 2. Bg5 c5 3. d5 g6 4. Nc3 Bg7 5. e4 d6 6. f3 O-O 7. Qd2 a6 8. Bh6 b5 9. h4 b4 10. Nd1 Nbd7 11. h5 e6 12. Bxg7 Kxg7 13. hxg6 fxg6 14. dxe6 Ne5 15. Qh6+ Kg8 16. Nh3 Bxe6 17. Ng5 Qe7 18. Ne3 Kh8 19. O-O-O Bg8 20. Be2 Rad8 21. Qh4 Nh5 22. Nd5 Qg7 23. f4 Bxd5 24. exd5 Rxf4 25. g4 Qh6 26. Kb1 Rdf8 27. Ne6 R8f7 28. Qd8+ Rf8 29. Nxf8 Rxf8 30. Qxd6 Nf7 31. Qe7 Qg7 32. gxh5 g5 33. h6 Qg8 34. Qf6+ Qg7 35. hxg7+ Kg8 36. Bh5 Nh6 37. gxf8=R# 1-0


[Site "https://www.chess.com"]

[Event "Titled Tuesday Blitz January 18 2022"]
[White "Ivanov, Oleg"]
[Black "Yurovskykh, Oleksandr"]
[WhiteFideId "4103114"]
[BlackFideId "14134020"]
[WhiteElo "2813"]
[BlackElo "2292"]
[Result "1-0"]
[Round "11"]
[TimeControl "180+1"]
[Date "2022.01.18"]
[WhiteClock "0:00:33"]
[BlackClock "0:00:03"]

1. c4 c6 2. d4 d5 3. Nf3 Nf6 4. cxd5 cxd5 5. Nc3 Nc6 6. Bf4 Ne4 7. e3 Nxc3 8. bxc3 e6 9. Bd3 Bd6 10. Bxd6 Qxd6 11. O-O h6 12. c4 dxc4 13. Bxc4 O-O 14. Rc1 Bd7 15. d5 exd5 16. Qxd5 Qxd5 17. Bxd5 Rfd8 18. Rfd1 Be8 19. e4 Kf8 20. h4 Rac8 21. h5 b6 22. Kh2 Nb4 23. Bb3 Na6 24. Rxc8 Rxc8 25. Nd4 Nc5 26. Bd5 Bd7 27. Kg3 Re8 28. Kf4 f6 29. f3 Re5 30. g4 Re7 31. Nb3 Nxb3 32. Bxb3 Ke8 33. Rc1 Kd8 34. Bd5 Bc8 35. Ke3 Rc7 36. Rd1 Ke7 37. Kd4 Ba6 38. f4 Bb7 39. Rg1 Bxd5 40. exd5 Rc2 41. Re1+ Kd6 42. Re6+ Kd7 43. g5 hxg5 44. fxg5 fxg5 45. Rg6 Rg2 46. Rxg7+ Kd6 47. Rg6+ Kd7 48. h6 Rh2 49. Ke5 g4 50. Rg7+ Kd8 51. h7 Rh5+ 52. Kf4 1-0


[Site "https://www.chess.com"]

[Event "Titled Tuesday Blitz January 18 2022"]
[White "Jary, Sergey"]
[Black "Nesterov, Arseniy"]
[WhiteFideId "14110350"]
[BlackFideId "24198455"]
[WhiteElo "2260"]
[BlackElo "2489"]
[Result "1-0"]
[Round "11"]
[TimeControl "180+1"]
[Date "2022.01.18"]
[WhiteClock "0:00:27"]
[BlackClock "0:00:03"]

1. e4 e5 2. Nf3 Nc6 3. d4 exd4 4. Bc4 Nf6 5. O-O Nxe4 6. Re1 d5 7. Bxd5 Qxd5 8. Nc3 Qa5 9. Nxe4 Be6 10. Bd2 Bb4 11. Bxb4 Qxb4 12. a3 Qb6 13. Qd3 h6 14. b4 O-O 15. Nc5 Rae8 16. h3 a6 17. Rad1 Qb5 18. Nxe6 fxe6 19. Nxd4 Nxd4 20. Qxd4 Qf5 21. c4 c6 22. f3 Qg6 23. Kh2 Re7 24. f4 Ref7 25. g3 Re7 26. Kg2 Kh7 27. Qd3 Rf5 28. h4 Ref7 29. Kh2 Qg4 30. Rxe6 Rf8 31. Rd2 Kh8 32. Qe2 Qxe2+ 33. Rdxe2 a5 34. Kg2 axb4 35. axb4 R5f7 36. Rd2 Kg8 37. h5 Ra8 38. c5 Rf5 39. Rd7 Rf7 40. Ree7 Rxe7 41. Rxe7 Ra7 42. Kh3 Kf8 43. Rc7 Kg8 44. Kg4 Kf8 45. Kf5 Ra3 46. g4 Rd3 47. Rxb7 Rd5+ 48. Ke4 Rd2 49. Rc7 Rb2 50. Rxc6 Rxb4+ 51. Ke5 Kf7 52. Rc7+ Kf8 53. c6 Rb5+ 54. Ke6 Ke8 55. Rxg7 Kd8 56. c7+ Kc8 57. g5 hxg5 58. h6 gxf4 59. h7 Rb6+ 60. Kd5 Rh6 61. Rg8+ Kd7 62. h8=Q Re6 63. Rd8+ Kxc7 64. Kxe6 f3 65. Rd6 1-0


[Site "https://www.chess.com"]

[Event "Titled Tuesday Blitz January 18 2022"]
[White "Kahlert, Thomas"]
[Black "Novikov, Evgenij"]
[WhiteFideId "4625242"]
[BlackFideId "4125380"]
[WhiteElo "2228"]
[BlackElo "2242"]
[Result "0-1"]
[Round "11"]
[TimeControl "180+1"]
[Date "2022.01.18"]
[WhiteClock "0:01:18"]
[BlackClock "0:01:10"]

1. d4 d5 2. Nf3 Nf6 3. c4 c6 4. e3 a6 5. Nbd2 b5 6. b3 Bf5 7. Nh4 Be6 8. Bd3 g6 9. O-O Bg7 10. Bb2 O-O 11. Nhf3 Nbd7 12. e4 bxc4 13. bxc4 dxe4 14. Nxe4 Nxe4 15. Bxe4 Bxc4 16. Re1 Bd5 17. Rc1 e6 18. Bb1 Rb8 19. Ba3 Re8 20. Rc3 Nb6 21. Bc5 Nc4 22. h3 Qa5 23. Rc1 Rb2 24. Re2 Reb8 25. Rxb2 Rxb2 26. Qd3 Qb5 27. a3 Rb3 28. Qe2 Rxb1 0-1


[Site "https://www.chess.com"]

[Event "Titled Tuesday Blitz January 18 2022"]
[White "Kalashian, David"]
[Black "Indjic, Aleksandar"]
[WhiteFideId "13302418"]
[BlackFideId "911925"]
[WhiteElo "2490"]
[BlackElo "2616"]
[Result "0-1"]
[Round "11"]
[TimeControl "180+1"]
[Date "2022.01.18"]
[WhiteClock "0:00:06"]
[BlackClock "0:00:34"]

1. d4 Nf6 2. c4 c5 3. Nf3 cxd4 4. Nxd4 e6 5. g3 a6 6. Bg2 Qc7 7. O-O Qxc4 8. Nc3 Nc6 9. Nb3 Qg4 10. h3 Qg6 11. e4 Be7 12. Re1 d6 13. Bf4 O-O 14. Na4 e5 15. Be3 Nxe4 16. Nb6 Rb8 17. Nd5 Bd8 18. Bxe4 Qxe4 19. Ba7 Qg6 20. Bxb8 Nxb8 21. Kh2 Nc6 22. Rc1 Qh6 23. h4 Bxh4 24. gxh4 Qxh4+ 25. Kg1 Qg5+ 26. Kh2 Qh4+ 27. Kg1 f5 28. Qf3 f4 29. Qh1 Bh3 30. Rc3 Qg4+ 31. Kh2 f3 32. Qg1 Bg2 33. Rc4 Qxc4 34. Kg3 Qxd5 35. Qh2 Qf7 36. Qh4 Qg6+ 37. Kh2 Rf4 38. Qg3 Qh6+ 0-1


[Site "https://www.chess.com"]

[Event "Titled Tuesday Blitz January 18 2022"]
[White "Kaufman, Raymond"]
[Black "Golubka, Petro"]
[WhiteFideId "2015056"]
[BlackFideId "14114224"]
[WhiteElo "2321"]
[BlackElo "2392"]
[Result "0-1"]
[Round "11"]
[TimeControl "180+1"]
[Date "2022.01.18"]
[WhiteClock "0:00:37"]
[BlackClock "0:02:19"]

1. e4 e5 2. Nf3 Nc6 3. Bb5 a6 4. Ba4 Nf6 5. d3 d6 6. c3 Bd7 7. O-O Be7 8. Nbd2 O-O 9. Re1 Re8 10. Nf1 Bf8 11. h3 h6 12. N3h2 d5 13. Ng3 b5 14. Bb3 Be6 15. Qf3 a5 16. Ng4 Nxg4 17. hxg4 d4 18. Nf5 a4 19. Bxe6 fxe6 20. Ng3 a3 21. Nh5 axb2 22. Bxb2 dxc3 23. Bxc3 Ra3 24. Rac1 b4 25. Bb2 Rxd3 26. Qe2 Rd2 27. Qc4 Na5 28. Qb5 c6 29. Qxe5 Qg5 30. f4 Qxg4 0-1


[Site "https://www.chess.com"]

[Event "Titled Tuesday Blitz January 18 2022"]
[White "Kavyev, Ruslan"]
[Black "Cori T., Deysi"]
[WhiteFideId "34110981"]
[BlackFideId "3801934"]
[WhiteElo "2182"]
[BlackElo "2350"]
[Result "1-0"]
[Round "11"]
[TimeControl "180+1"]
[Date "2022.01.18"]
[WhiteClock "0:00:04"]
[BlackClock "0:00:07"]

1. d4 Nf6 2. c4 g6 3. Nc3 Bg7 4. e4 d6 5. Be2 O-O 6. Be3 c6 7. Nf3 Bg4 8. O-O Nfd7 9. Qc2 e5 10. d5 f5 11. Ng5 f4 12. Bxg4 Qxg5 13. Be6+ Kh8 14. Bd2 Nc5 15. Bh3 a5 16. b3 Qh5 17. f3 Nbd7 18. a3 a4 19. Nxa4 Nxa4 20. bxa4 Nc5 21. a5 Qh4 22. Rab1 Ra7 23. Be1 Qd8 24. Bb4 Na6 25. dxc6 bxc6 26. Rfd1 c5 27. Bc3 Nb8 28. Rb6 Ra6 29. Rdxd6 Qxd6 30. Rxd6 Rxd6 31. Qb2 Rfd8 32. g4 Nc6 33. a6 Nd4 34. a7 Nxf3+ 35. Kf2 Nd2 36. Bg2 f3 37. Bxf3 Nxc4 38. Qb7 Nb6 39. Ba5 R6d7 40. Qxb6 Ra8 41. Qxc5 Rdxa7 42. Bb4 Rf7 43. Kg2 Raf8 44. Be2 Rd8 45. Bc4 Rfd7 46. Bd5 Bf6 47. a4 Kg7 48. a5 Be7 49. Qc3 Bxb4 50. Qxb4 Rc7 51. a6 Rf8 52. Bb7 Rc2+ 53. Kg3 Rcf2 54. Qc3 Rf1 55. Qxe5+ Kh6 56. Qc3 Rg1+ 57. Kh3 Rf2 58. e5 g5 59. a7 Rgf1 60. a8=Q Rxh2+ 61. Kxh2 Rf2+ 62. Kg3 Rf7 63. Qa6+ Kg7 64. e6+ Rf6 65. e7 Kf7 66. Qaxf6+ Ke8 67. Qc8# 1-0


[Site "https://www.chess.com"]

[Event "Titled Tuesday Blitz January 18 2022"]
[White "Kepeshchuk, Mykhaylo"]
[Black "Sargsyan, Anna M."]
[WhiteFideId "14113139"]
[BlackFideId "13308130"]
[WhiteElo "2279"]
[BlackElo "2271"]
[Result "1/2-1/2"]
[Round "11"]
[TimeControl "180+1"]
[Date "2022.01.18"]
[WhiteClock "0:00:03"]
[BlackClock "0:00:09"]

1. d4 d5 2. c4 c6 3. Nf3 Nf6 4. g3 Bf5 5. Bg2 e6 6. O-O h6 7. Nc3 Nbd7 8. Re1 Be7 9. Nd2 O-O 10. e4 dxe4 11. Ndxe4 Nxe4 12. Nxe4 Nf6 13. Nc5 Qb6 14. Qb3 Bxc5 15. dxc5 Qxc5 16. Qxb7 Rfc8 17. b3 Qa5 18. Bb2 Rab8 19. Qe7 Nh7 20. Red1 Ng5 21. h4 Ne4 22. Rd7 Rf8 23. g4 Bg6 24. h5 Bh7 25. Qa3 Qg5 26. f3 Ng3 27. Qxa7 Ne2+ 28. Kf2 Nf4 29. Qe3 Qh4+ 30. Kf1 Qh2 31. Qg1 Bd3+ 32. Rxd3 Qxg1+ 33. Kxg1 Nxd3 34. Bc3 Nf4 35. Bf1 f6 36. b4 Rfd8 37. b5 cxb5 38. cxb5 Rdc8 39. Bd2 Nd5 40. a4 Rc2 41. Be1 Rb2 42. a5 Nc7 43. b6 Nd5 44. Bf2 Rb3 45. Bc4 Rb4 46. Bxd5 exd5 47. a6 R4xb6 48. a7 Rb1+ 49. Rxb1 Rxb1+ 50. Kg2 Ra1 51. Kg3 Kf7 52. Kf4 Ke6 53. Ke3 Ra4 54. Kd3 Kd6 55. Kc3 Kc6 56. Kb3 Kb5 57. Kc3 Kc6 58. Kb3 Kb5 59. Kc3 Ra6 60. Kd4 Kc6 61. Kc3 Kb7 62. Kd4 Rxa7 63. Kxd5 Ra3 64. Ke4 Kc6 65. f4 Kd7 66. Kf5 Ke8 67. Kg6 Rf3 68. Bc5 Rxf4 69. Kxg7 Rxg4+ 70. Kxf6 Rg5 71. Be3 Rxh5 72. Kg6 Rh3 73. Bxh6 Kd7 74. Bg5 Ke6 75. Bf4 Rf3 76. Kg5 Rf1 77. Kg4 Kd5 78. Kg3 Ke4 79. Bc7 Rf7 80. Bb8 Rf8 81. Bd6 Rg8+ 82. Kh2 Kf3 83. Kh1 Rg6 84. Bh2 Rg7 85. Bg1 Rd7 86. Bh2 Rd2 87. Bg1 Rc2 88. Bh2 Kg4 89. Bg1 Kh3 90. Ba7 Rc1+ 91. Bg1 Rc8 92. Be3 Rg8 93. Bg1 Kg3 94. Be3 Kf3 95. Bg1 Rh8+ 96. Bh2 Rh7 97. Kg1 Kg4 98. Kh1 Kf3 99. Kg1 Rb7 100. Kh1 Rb1+ 101. Bg1 Rb7 102. Bh2 Rh7 1/2-1/2


[Site "https://www.chess.com"]

[Event "Titled Tuesday Blitz January 18 2022"]
[White "Khamdamova, Afruza"]
[Black "Sadovsky, Artem"]
[WhiteFideId "14210444"]
[BlackFideId "4155840"]
[WhiteElo "1660"]
[BlackElo "2369"]
[Result "0-1"]
[Round "11"]
[TimeControl "180+1"]
[Date "2022.01.18"]
[WhiteClock "0:00:06"]
[BlackClock "0:02:05"]

1. e4 c6 2. d4 d5 3. Nc3 dxe4 4. Nxe4 Nd7 5. Nf3 Ngf6 6. Bd3 Nxe4 7. Bxe4 Nf6 8. Bd3 Bg4 9. c3 e6 10. h3 Bxf3 11. Qxf3 Be7 12. O-O O-O 13. Bf4 Qd5 14. Qe2 Rfe8 15. Rfe1 a5 16. Bc4 Qh5 17. Be5 Qxe2 18. Rxe2 Nd7 19. Bg3 b5 20. Bd3 Nb6 21. Rae1 a4 22. f4 Nd5 23. f5 exf5 24. Bxf5 Rad8 25. Be4 Kf8 26. Bxd5 Rxd5 27. Bc7 Rd7 28. Bb6 Rb8 29. Rxe7 Rxe7 30. Bc5 Rb7 31. Kf2 Ke8 32. Rxe7+ Rxe7 33. Bxe7 Kxe7 34. Ke3 Ke6 35. b3 f5 36. c4 g5 37. d5+ cxd5 38. cxb5 axb3 39. axb3 h5 40. Kd4 Kd6 41. b6 g4 42. b7 Kc7 43. Kxd5 f4 44. Ke4 f3 45. hxg4 fxg2 0-1


[Site "https://www.chess.com"]

[Event "Titled Tuesday Blitz January 18 2022"]
[White "Klenburg, Michael"]
[Black "Ruiz Aguilar, Pablo Alexander"]
[WhiteFideId "14102072"]
[BlackFideId "4401352"]
[WhiteElo "2359"]
[BlackElo "2125"]
[Result "0-1"]
[Round "11"]
[TimeControl "180+1"]
[Date "2022.01.18"]
[WhiteClock "0:01:12"]
[BlackClock "0:00:23"]

1. e4 c5 2. Nc3 Nc6 3. g3 g6 4. Bg2 Bg7 5. d3 e6 6. Be3 Nd4 7. Qd2 Ne7 8. Nd1 d6 9. c3 Ndc6 10. Bh6 O-O 11. h4 f6 12. Bxg7 Kxg7 13. h5 g5 14. h6+ Kh8 15. f4 gxf4 16. gxf4 Rg8 17. Bf3 f5 18. Nf2 Ng6 19. O-O-O Nh4 20. Qe2 Qf6 21. Nfh3 Rg3 22. Ng5 Nxf3 23. N1xf3 Bd7 24. e5 dxe5 25. fxe5 Qg6 26. Rdg1 Rxg1+ 27. Rxg1 Qxh6 28. Kc2 Rf8 29. Qe3 f4 30. Qxc5 Rf5 31. Qe7 Nxe7 0-1


[Site "https://www.chess.com"]

[Event "Titled Tuesday Blitz January 18 2022"]
[White "Koelle, Tobias"]
[Black "Lauridsen, Jesper Morch"]
[WhiteFideId "16207378"]
[BlackFideId "1401890"]
[WhiteElo "2541"]
[BlackElo "2222"]
[Result "1-0"]
[Round "11"]
[TimeControl "180+1"]
[Date "2022.01.18"]
[WhiteClock "0:01:45"]
[BlackClock "0:00:01"]

1. d4 Nf6 2. c4 g6 3. Nc3 c5 4. d5 Bg7 5. e4 d6 6. Bd3 O-O 7. Nf3 e6 8. O-O exd5 9. exd5 Bg4 10. Bf4 Nh5 11. Be3 Nd7 12. Be2 Bxc3 13. bxc3 Ng7 14. h3 Bxf3 15. Bxf3 Ne5 16. Be2 Nf5 17. Bd2 Qf6 18. Rb1 b6 19. a4 g5 20. a5 bxa5 21. Rb5 a6 22. Rxa5 Ng6 23. Bd3 Nfh4 24. Qh5 Qd8 25. Bxg5 Qxa5 26. Bf6 Ne5 27. Qxh4 Nxd3 28. Qh6 Qxc3 29. Bxc3 f6 30. Bxf6 1-0


[Site "https://www.chess.com"]